 Dungeon Crawl Stone Soup version 0.31-a0-466-g98c9adc2b6 (webtiles) character file.

Game seed: 587843511413431834

9 HallandMoats the Trooper (level 2, -3/24 HPs)
             Began as a Demonspawn Monk on Aug 6, 2023.
             Engulfed by a cloud of flame (10 damage)
             ... on level 3 of the Dungeon.
             The game lasted 00:01:20 (326 turns).

HallandMoats the Trooper (Demonspawn Monk)           Turns: 326, Time: 00:01:21

Health: -3/24      AC:  4    Str: 11    XL:     2   Next: 3%
Magic:  2/2        EV: 12    Int: 11    God:
Gold:   28         SH:  9    Dex: 15    Spells: 1/1 levels left

rFire   . . .        a - +0 hand axe
rCold   . . .        h - +0 buckler
rNeg    . . .        b - +0 robe
rPois   .            f - +1 helmet
rElec   .            (no cloak)
rCorr   .            (no gloves)
SInv    .            (no boots)
Will    .....        j - amulet of reflection
Stlth   +            (no ring)
HPRegen 0.24/turn    (no ring)
MPRegen 0.08/turn

%: reflection
@: no status effects
A: foul stench 1
a: no special abilities


You were on level 3 of the Dungeon.
You visited 1 branch of the dungeon, and saw 3 of its levels.

You collected 28 gold pieces.

Inventory:

Hand Weapons
 a - a +0 hand axe (weapon)
Armour
 b - a +0 robe (worn)
 d - an orb of light
 f - a +1 helmet (worn)
 h - a +0 buckler (worn)
Jewellery
 j - an amulet of reflection (around neck)
Scrolls
 g - a scroll of immolation {unknown}
 i - a scroll of fog {unknown}
 k - a scroll of torment {unknown}
 l - a scroll of summoning {unknown}
Potions
 c - a potion of ambrosia
 e - a potion of brilliance {unknown}


   Skills:
 * Level 3.3 Fighting
 + Level 2.8 Axes
 - Level 2.6 Dodging
 + Level 0.9 Invocations


You had one spell level left.
You didn't know any spells.
Your spell library was empty.

Dungeon Overview and Level Annotations

Branches:
Dungeon (3/15)

Altars:
Uskayaw
Xom

Shops:
D:3 [


Innate Abilities, Weirdness & Mutations

You may rarely emit foul miasma when damaged in melee.


Message History

You slash the ball python!
You kill the ball python!
You have reached level 2!
Your demonic ancestry asserts itself...
You begin to emit a foul stench of rot and decay.
You open the door.
The walls suddenly crumble! 5 dream sheep come into view.
A dream sheep catches fire!
The dream sheep bleats in terror.
A dream sheep catches fire!
The dream sheep bleats in terror.
A dream sheep catches fire!
The dream sheep stampedes away.
A dream sheep catches fire!
A frightened dream sheep leaps away.
A dream sheep catches fire!
A frightened dream sheep leaps away.
You hear mad divine giggling.
Found a shimmering altar of Xom.
The dream sheep burns! x5
The dream sheep burns! x5
The dream sheep burns! x5
There is a shimmering altar of Xom here.
A bat comes into view.
The dream sheep burns! x5
The dream sheep explodes!
The fiery explosion engulfs the dream sheep!!!
The fiery explosion engulfs the dream sheep!!
The dream sheep explodes! x3
The dream sheep bleats!
Unknown command.
Unknown command.
Really walk into that cloud of flame?
You are engulfed in blazing flames.
Ouch! That really hurt!
* * * LOW HITPOINT WARNING * * *
The dream sheep burns!
Unknown command.
Found a spear.
You are engulfed in blazing flames.
You die...

..# #.##.#######
#......†...#
#..........#
#..........###
#.............
#...._....##.#
##......§§§##.##
........§§§§b...)
........§@§§..##
.#....Y.§§§..##
#######.§§§##
.....# ##....#
#....# ######


You could see a dream sheep (inner flame, fleeing, burning) and a bat.

Vanquished Creatures
  A goblin (D:1)
  2 ball pythons (D:3)
  2 bats
  A frilled lizard (D:3)
  3 kobolds
9 creatures vanquished.

Vanquished Creatures (others)
  4 dream sheep (D:3)
4 creatures vanquished.

Grand Total: 13 creatures vanquished

Notes
Turn   | Place    | Note
-------+----------+-------------------------------------------
     0 | D:1      | HallandMoats the Demonspawn Monk began the quest for the
                  | Orb.
     0 | D:1      | Reached XP level 1. HP: 18/18 MP: 1/1
   236 | D:3      | Found a hide-covered altar of Uskayaw.
   273 | D:3      | Found Nepa's Armour Shop.
   319 | D:3      | Gained mutation: You may rarely emit foul miasma when
                  | damaged in melee. [demonic ancestry]
   319 | D:3      | Reached XP level 2. HP: 24/24 MP: 2/2
   320 | D:3      | Noticed a dream sheep
   320 | D:3      | Noticed a dream sheep
   320 | D:3      | Noticed a dream sheep
   320 | D:3      | Noticed a dream sheep
   320 | D:3      | Noticed a dream sheep
   320 | D:3      | Found a shimmering altar of Xom.
   324 | D:3      | Killed a dream sheep
   324 | D:3      | Killed a dream sheep
   324 | D:3      | Killed a dream sheep
   324 | D:3      | Killed a dream sheep
   326 | D:3      | Engulfed by a cloud of flame

Illustrated notes

Levels and vault maps discovered:
D:1:      dpeg_arrival_central, layout_loops_ring
D:2:      layout_rooms
D:3:      layout_rooms, kb_xom_exploding_sheep,
          mainiacjoe_overflow_catwalk_spiral, serial_shops,
          nicolae_shop_gibbet_a_chance

Action                     || total
---------------------------++-------
  Melee: Hand axe          ||    19
 Armour: Robe              ||     3
  Dodge: Dodged            ||    15
  Block: Buckler           ||     1

Table legend: (Time is in decaauts)
 A = Elapsed time spent in this place.
 B = Non-inter-level travel time spent in this place.
 C = Inter-level travel time spent in this place.
 D = Time resting spent in this place.
 E = Time spent auto-exploring this place.
 F = Levels seen in this place.
 G = Mean time per level.
                   A        B        C        D        E       F      G
               +--------+--------+--------+--------+--------+-----+--------+
         Total |    329 |    329 |      0 |     13 |    171 |   3 |  109.7 |
       Dungeon |    329 |    329 |      0 |     13 |    171 |   3 |  109.7 |
               +--------+--------+--------+--------+--------+-----+--------+

Top non-repeatable levels by time:
     D:2: 198 daAuts
     D:3: 100 daAuts
     D:1: 30 daAuts
